chuzzly, neutral female scurrid Tourist ..| .^| ..| .`.|.$|..| -........@. H ....|.!|..| .... .>.. .... --- chuzzly the Rambler Experience level: 1 Strength: 15 Dexterity: 14 Constitution: 14 Intelligence: 12 Wisdom: 7 Charisma: 12 Health: 0(9) Energy: 2(2) Def: 0 Gold: 98 Moves: 129 Dungeon seed: YnMr5zl_kZhQcwQ_ Game ID: chuzzly_1498615182 Your Inventory: Coins $ - 98 gold pieces Weapons a - 41 uncursed +2 darts (in quiver) Armor e - an uncursed +0 Hawaiian shirt (being worn) Comestibles b - 8 uncursed food rations c - an uncursed carrot d - an uncursed fortune cookie f - an uncursed tripe ration Scrolls h - 4 uncursed scrolls of magic mapping Potions g - 2 uncursed potions of extra healing m - an uncursed potion of gain energy Wands k - an uncursed wand of secret door detection (0:11) Tools i - an uncursed expensive camera (0:75) j - an uncursed credit card l - an uncursed oil lamp (0:1305) Spells and supernatural/magical abilities: Name Level Category Fail Memory W - pray for help -- divine ? -- Your skills at the end: Miscellaneous Skills wands [Basic] Weapon Skills dart [Basic] Spellcasting Skills Final Attributes: You were devoutly aligned. You had infravision. You were very stealthy. You are dead. Voluntary challenges: You went without food. You did not adorn yourself with jewelry or accessories. You did not cause conflict. You were not invisible. You did not have reflection. You were not displaced. You were an atheist. You never hit with a wielded weapon. You were a pacifist. You did not use tools. You did not use plumbed fixtures. You did not drink any magical draughts. You were illiterate. You never genocided any monsters. You never polymorphed an object. You never changed form. You used no wishes. You never split a pudding. You never wrote Elbereth's name. You never violated your personal moral code. Dungeon overview: The Dungeons of Doom: levels 1 to 27 Level 1 a long staircase Level 2 Level 3 a fountain Level 4 Level 5 Level 6 Level 7 Level 8 Level 9 Level 10 Level 11 an altar to Offler Level 12 Level 13 Level 14 Level 15 Level 16 Level 17 Level 18 Level 19 Level 20 Level 21 Level 22 Level 23 Level 24 Level 25 Level 26 <- You were here Level 27 History has recorded: On T:1 you entered the Dungeons of Doom to retrieve the Amulet of Yendor! On T:4 you reached level 2 of The Dungeons of Doom. On T:7 you reached level 3 of The Dungeons of Doom. On T:9 you reached level 4 of The Dungeons of Doom. On T:11 you reached level 5 of The Dungeons of Doom. On T:13 you reached level 6 of The Dungeons of Doom. On T:16 you reached level 7 of The Dungeons of Doom. On T:18 you reached level 8 of The Dungeons of Doom. On T:20 you reached level 9 of The Dungeons of Doom. On T:22 you reached level 10 of The Dungeons of Doom. On T:25 you reached level 11 of The Dungeons of Doom. On T:27 you reached level 12 of The Dungeons of Doom. On T:29 you reached level 13 of The Dungeons of Doom. On T:31 you reached level 14 of The Dungeons of Doom. On T:34 you reached level 15 of The Dungeons of Doom. On T:36 you reached level 16 of The Dungeons of Doom. On T:36 you entered the Rogue tribute level. On T:38 you reached level 17 of The Dungeons of Doom. On T:40 you reached level 18 of The Dungeons of Doom. On T:43 you reached level 19 of The Dungeons of Doom. On T:45 you reached level 20 of The Dungeons of Doom. On T:49 you reached level 21 of The Dungeons of Doom. On T:52 you reached level 22 of The Dungeons of Doom. On T:54 you reached level 23 of The Dungeons of Doom. On T:56 you reached level 24 of The Dungeons of Doom. On T:58 you reached level 25 of The Dungeons of Doom. On T:61 you reached level 26 of The Dungeons of Doom. On T:63 you reached The Castle. Score breakdown: Gold: 0 ( 0 points) Experience: 1 level ( 0 points) Exploration: 27 levels ( 780 points) Discoveries: 1 item ( 50 points) Variety of kills: 0 monsters ( 0 points) Major goal: (nothing yet) ( 0 points) Survival: died (score multiplied by 3) Total score: 2490 Latest messages: You make an opening in the wall. You start chewing a hole in the rock. You continue digging. You make an opening in the wall. You start chewing a hole in the rock. You continue digging. You make an opening in the wall. You start chewing a hole in the rock. You continue digging. You make an opening in the wall. You hear a distant squeak. You start chewing a hole in the rock. You continue digging. You make an opening in the wall. You hear a distant squeak. You start chewing a hole in the rock. You continue digging. You make an opening in the wall. You hear a distant squeak. You start chewing a hole in the rock. You continue digging. You make an opening in the wall. You hear a distant squeak. The giant zaps an iridium wand! The bolt of fire hits you! You die... Final status: Aloha chuzzly the Tourist, killed by a bolt of fire... You died in The Dungeons of Doom on dungeon level 26 with 2490 points, and 98 pieces of gold, after 129 moves. You were level 1 with a maximum of 9 hit points when you died.